 Dungeon Crawl Stone Soup version 0.25.0-46-gbd7b0854d2 (webtiles) character file.

Game seed: 18283445164383709693

107 Mehrius the Chiller (level 4, -6/30 HPs)
             Began as a Demonspawn Ice Elementalist on July 13, 2020.
             Was an Initiate of Makhleb.
             Mangled by an iguana (10 damage)
             ... on level 3 of the Dungeon.
             The game lasted 00:39:25 (2534 turns).

Mehrius the Chiller (Demonspawn Ice Elementalist)   Turns: 2534, Time: 00:39:25

Health: -6/30      AC:  3    Str:  8    XL:     4   Next: 57%
Magic:  0/8        EV: 12    Int: 16    God:    Makhleb [......]
Gold:   86         SH:  4    Dex: 15    Spells: 5/9 levels left

rFire    . . .     SeeInvis .   b - +0 short sword
rCold    . . .     Gourm    .   (no shield)
rNeg     . . .     Faith    .   l - +0 leather armour
rPois    .         Spirit   +   (no helmet)
rElec    .         Reflect  .   (no cloak)
rCorr    .         Harm     .   (no gloves)
MR       .....                  (no boots)
Stlth    ++........             (no amulet)
HPRegen  0.10/turn              (no ring)
MPRegen  0.11/turn              (no ring)

@: no status effects
A: large bone plates 1, magic shield
a: Renounce Religion


You were on level 3 of the Dungeon.
You worshipped Makhleb.
Makhleb was noncommittal.
You were not hungry.

You visited 1 branch of the dungeon, and saw 3 of its levels.

You collected 86 gold pieces.

Inventory:

Hand Weapons
 b - a +0 short sword (weapon)
 h - a +0 hand axe
 r - a +0 spear
 v - a +0 whip
Missiles
 d - 28 stones (quivered)
 j - 30 arrows
Armour
 a - a +0 robe
 k - a +0 buckler
 l - a +0 leather armour (worn)
Jewellery
 u - a cursed amulet of inaccuracy {unknown}
Scrolls
 f - a scroll of magic mapping {unknown}
 g - a scroll of fear {unknown}
 i - a scroll of noise {unknown}
 m - a scroll of identify
 q - a scroll of enchant armour {unknown}
 t - a scroll of enchant weapon {unknown}
Potions
 e - 2 potions of degeneration {unknown}
 n - a potion of flight {unknown}
 p - a potion of brilliance {unknown}
 s - a potion of lignification {unknown}
Comestibles
 c - 2 rations
 o - a chunk of flesh


   Skills:
 + Level 0.1 Short Blades
 + Level 1.0 Throwing
 + Level 0.4 Armour
 + Level 1.9 Dodging
 + Level 1.9 Stealth
 + Level 3.1 Spellcasting
 + Level 4.4 Ice Magic


You had 5 spell levels left.
You knew the following spells:

 Your Spells              Type           Power        Failure   Level  Hunger
a - Freeze                Ice            ###.         4%          1    None
b - Frozen Ramparts       Ice            ###...       13%         3    ###....

Your spell library contained the following spells:

 Spells                   Type           Power        Failure   Level  Hunger
 Ozocubu's Armour         Chrm/Ice       #.......     30%         3    ###....
 Hailstorm                Conj/Ice       #.......     71%         4    ####...
 Summon Ice Beast         Ice/Summ       #.......     71%         4    ####...


Dungeon Overview and Level Annotations

Branches:
Dungeon (3/15)

Altars:
Makhleb


Innate Abilities, Weirdness & Mutations

You are partially covered in large bone plates. (SH +4)
When hurt, damage is shared between your health and your magic reserves.


Message History

The iguana barely misses you.
You hit the iguana but do no damage.
The iguana is almost dead.
The iguana barely misses you.
You hit the iguana but do no damage.
The iguana is almost dead.
The iguana barely misses you.
You hit the iguana but do no damage.
The iguana is almost dead.
The iguana bites you!
* * * LOW HITPOINT WARNING * * *
Unknown command.
Casting: Freeze (safe; 4% risk of failure)
Confirm with . or Enter, or press ? or * to list all spells.
You don't have enough magic to cast that spell.
Unknown command.
You hit the iguana but do no damage.
The iguana is almost dead.
The iguana bites you!
You die...

####################
#.........(l@......#
#........(.####.....
###......(...# ...
#......(.)...# .
#.#####(###### ###.#
#.#### ....# #....#
####### ####.#
....... #......#


You could see an iguana.

Vanquished Creatures
  A hound (D:2)
  3 adders (D:2)
  An ooze (D:2)
  A worm (D:2)
  3 dart slugs
  2 leopard geckos (D:2)
  7 bats
  A giant cockroach (D:2)
  4 goblins
  2 hobgoblins (D:1)
  2 frilled lizards
  9 kobolds
  6 rats
42 creatures vanquished.

Notes
Turn   | Place    | Note
-------+----------+-------------------------------------------
     0 | D:1      | Mehrius the Demonspawn Ice Elementalist began the quest for
                  | the Orb.
     0 | D:1      | Reached XP level 1. HP: 13/13 MP: 3/3
   238 | D:1      | Gained mutation: You are partially covered in large bone
                  | plates. (SH +4) [demonic ancestry]
   238 | D:1      | Reached XP level 2. HP: 10/19 MP: 3/5
   305 | D:1      | Reached skill level 4 in Ice Magic
  1488 | D:2      | Gained mutation: When hurt, damage is shared between your
                  | health and your magic reserves. [demonic ancestry]
  1488 | D:2      | Reached XP level 3. HP: 23/24 MP: 2/7
  1608 | D:2      | Learned a level 3 spell: Frozen Ramparts
  2098 | D:2      | Reached XP level 4. HP: 25/30 MP: 3/8
  2246 | D:2      | Found a burning altar of Makhleb.
  2251 | D:2      | Reached skill level 1 in Throwing
  2261 | D:2      | Became a worshipper of Makhleb the Destroyer
  2534 | D:3      | Mangled by an iguana

Illustrated notes

Levels and vault maps discovered:
D:1:      dpeg_arrival_central, layout_loops_corners, amethyst_killhole
D:2:      layout_loops_cross, makhleb_blood_cavern_becter
D:3:      layout_rooms, serial_curves, eino_curves_04, eino_curves_02

Skill      XL: |  1  2  3  4 |
---------------+-------------+-----
Ice Magic      | 4 |  4.4
Throwing       | 1 |  1.0
Spellcasting   | 3 |  3.1
Short Blades   | |  0.1
Armour         | |  0.4
Dodging        | |  1.9
Stealth        | |  1.9

Action                   |  1- 3 |  4- 6 || total
-------------------------+-------+-------++-------
Melee: Unarmed           |    12 |       ||    12
       Short sword       |    19 |    25 ||    44
Throw: Stone             |    53 |    11 ||    64
 Cast: Freeze            |    35 |     7 ||    42
       Frozen Ramparts   |     2 |     1 ||     3
  Use: Scroll            |     2 |       ||     2
 Stab: Sleeping          |       |     1 ||     1
  Eat: Ration            |     1 |       ||     1
       Chunk             |     1 |     1 ||     2
Armor: Robe              |     1 |       ||     1
       Leather armour    |     3 |     4 ||     7
Dodge: Dodged            |    27 |    15 ||    42
Block: Other             |     7 |     9 ||    16
